SAA
BETHESDA ATOMS @ LANCASTER FARMERS
09/16/2033
 
TOP OF THE 1ST
Bethesda Atoms batting - Pitching for Lancaster Farmers : RHP Daron Muldoon
Pitching: RHP Daron Muldoon
Batting: RHB Enrique Ibarra 0-0: Ball
1-0: Called Strike
1-1: Ball
2-1: Foul Ball, location: 2F
2-2: Ball
3-2: Base on Balls
Batting: RHB Renato Zuvic 0-0: Ball
1-0: Grounds into double play, 4-6-3 (Groundball, 4)
Batting: LHB Thierry Honoré 0-0: Called Strike
0-1: Called Strike
0-2: Foul Ball, location: 2F
0-2: Ball
1-2: DOUBLE (Flyball, 78XD)
Batting: LHB Gong Mao 0-0: Called Strike
0-1: Swinging Strike
0-2: Ball
1-2: 2-RUN HOME RUN (Flyball, 89XD), Distance : 413 ft
Batting: RHB José Leyva 0-0: Ball
1-0: SINGLE (Groundball, 4MD)
Batting: LHB Jorge Ortíz 0-0: Ball
1-0: Foul Ball, location: 2F
1-1: Foul Ball, location: 2F
1-2: Foul Ball, location: 2F
1-2: SINGLE (Flyball, 9S)
José Leyva to second
Runner from 2nd tries for 3rd, SAFE, throw made to third
Batting: RHB Raúl Francisco 0-0: Called Strike
0-1: Ball
1-1: DOUBLE (Flyball, 78D)
José Leyva scores
Jorge Ortíz to third
Runner from 3rd tries for Home, SAFE, no throw
Batting: SHB Pedro Ortega 0-0: Called Strike
0-1: Ball
1-1: Ball
2-1: Ball
3-1: Swinging Strike
3-2: Base on Balls
Batting: RHB Diego Romero 0-0: Called Strike
0-1: Foul Ball, location: 2F
0-2: Fly out, F8 (Flyball, 8LM)
Top of the 1st over - 4 runs, 5 hits, 0 errors, 2 left on base; Bethesda 4 - Lancaster 0
BOTTOM OF THE 1ST
Lancaster Farmers batting - Pitching for Bethesda Atoms : RHP Vincent O'Higgin
Pitching: RHP Vincent O'Higgin
Batting: RHB José Xirau 0-0: Called Strike
0-1: Called Strike
0-2: Ground out 6-3 (Groundball, 56)
Batting: RHB Jesús Herrera 0-0: Called Strike
0-1: Ball
1-1: Ball
2-1: Ball
3-1: Ground out 6-3 (Groundball, 6)
Batting: RHB Domingo Altamirańo 0-0: Called Strike
0-1: Ball
1-1: Ball
2-1: Called Strike
2-2: Ground out 4-3 (Groundball, 4)
Bottom of the 1st over - 0 runs, 0 hits, 0 errors, 0 left on base; Bethesda 4 - Lancaster 0
TOP OF THE 2ND
Bethesda Atoms batting - Pitching for Lancaster Farmers : RHP Daron Muldoon
Batting: RHB Enrique Ibarra 0-0: Ball
1-0: Foul Ball, location: 2F
1-1: Foul Ball, location: 2F
1-2: Strikes out swinging
Batting: RHB Renato Zuvic 0-0: Ball
1-0: Called Strike
1-1: Ground out 4-3 (Groundball, 4)
Batting: LHB Thierry Honoré 0-0: Ball
1-0: Ball
2-0: Ball
3-0: Base on Balls
Batting: LHB Gong Mao 0-0: Swinging Strike
0-1: Foul Ball, location: 2F
0-2: Ball
1-2: Foul Ball, location: 2F
1-2: Foul Ball, location: 2F
1-2: Ball
2-2: Foul Ball, location: 2F
2-2: Foul Ball, location: 2F
2-2: Ball
Thierry Honoré is caught stealing 2nd base
Top of the 2nd over - 0 runs, 0 hits, 0 errors, 0 left on base; Bethesda 4 - Lancaster 0
BOTTOM OF THE 2ND
Lancaster Farmers batting - Pitching for Bethesda Atoms : RHP Vincent O'Higgin
Batting: LHB Sébastien Cornu 0-0: Ball
1-0: Fly out, F9 (Flyball, 9)
Batting: RHB Min-tae Yi 0-0: Ball
1-0: Called Strike
1-1: Ball
2-1: Foul Ball, location: 2F
2-2: Strikes out looking
Batting: RHB Jason Slaybaugh 0-0: SINGLE (Line Drive, 34)
Batting: RHB Cisco Gómez 0-0: Called Strike
0-1: Ball
1-1: Fly out, F8 (Flyball, 8RD)
Bottom of the 2nd over - 0 runs, 1 hit, 0 errors, 1 left on base; Bethesda 4 - Lancaster 0
TOP OF THE 3RD
Bethesda Atoms batting - Pitching for Lancaster Farmers : RHP Daron Muldoon
Batting: LHB Gong Mao 0-0: Ball
1-0: Ball
2-0: Called Strike
2-1: Ball
3-1: Called Strike
3-2: Strikes out swinging
Batting: RHB José Leyva 0-0: SINGLE (Groundball, 56) (infield hit)
Batting: LHB Jorge Ortíz 0-0: Single, Error in OF, E8, batter to second base
José Leyva to third
Batting: RHB Raúl Francisco 0-0: Ball
1-0: Called Strike
1-1: Ball
2-1: Foul Ball, location: 2F
2-2: Strikes out swinging
Batting: SHB Pedro Ortega 0-0: Ball
1-0: Ball
2-0: Called Strike
2-1: Ball
3-1: Base on Balls
Batting: RHB Diego Romero 0-0: Called Strike
0-1: Ball
1-1: Swinging Strike
1-2: Strikes out swinging
Top of the 3rd over - 0 runs, 2 hits, 1 error, 3 left on base; Bethesda 4 - Lancaster 0
BOTTOM OF THE 3RD
Lancaster Farmers batting - Pitching for Bethesda Atoms : RHP Vincent O'Higgin
Batting: LHB Alfonso Pacheco 0-0: Ball
1-0: Ball
2-0: Called Strike
2-1: Foul Ball, location: 2F
2-2: Ground out 4-3 (Groundball, 4)
Batting: LHB Francisco Barranco 0-0: Called Strike
0-1: Foul Ball, location: 2F
0-2: SINGLE (Line Drive, 9S)
Batting: RHB José Xirau 0-0: Hit by Pitch
Francisco Barranco to second
Batting: RHB Jesús Herrera 0-0: Ball
1-0: Ball
2-0: Ball
3-0: Base on Balls
Francisco Barranco to third
José Xirau to second
Batting: RHB Domingo Altamirańo 0-0: Called Strike
0-1: Ball
1-1: Grounds into double play, 6-4-3 (Groundball, 6)
Bottom of the 3rd over - 0 runs, 1 hit, 0 errors, 2 left on base; Bethesda 4 - Lancaster 0
TOP OF THE 4TH
Bethesda Atoms batting - Pitching for Lancaster Farmers : RHP Daron Muldoon
Batting: RHB Enrique Ibarra 0-0: Called Strike
0-1: Ground out 1-3 (Groundball, P)
Batting: RHB Renato Zuvic 0-0: Ball
1-0: Swinging Strike
1-1: SINGLE (Line Drive, 6MD)
Batting: LHB Thierry Honoré 0-0: Swinging Strike
0-1: Ball
Renato Zuvic steals 2nd base
1-1: Called Strike
1-2: Foul Ball, location: 2F
1-2: Ball
2-2: Fly out, F5 (Popup, 5SF)
Batting: LHB Gong Mao 0-0: Ball
1-0: Foul Ball, location: 2F
1-1: Ball
2-1: Fly out, F9 (Line Drive, 89D)
Top of the 4th over - 0 runs, 1 hit, 0 errors, 1 left on base; Bethesda 4 - Lancaster 0
BOTTOM OF THE 4TH
Lancaster Farmers batting - Pitching for Bethesda Atoms : RHP Vincent O'Higgin
Batting: LHB Sébastien Cornu 0-0: Called Strike
0-1: Ground out 5-3 (Groundball, 56)
Batting: RHB Min-tae Yi 0-0: Swinging Strike
0-1: Ball
1-1: Ground out 6-3 (Groundball, 6)
Batting: RHB Jason Slaybaugh 0-0: Ball
1-0: Foul Ball, location: 2F
1-1: Foul Ball, location: 2F
1-2: Fly out, F1 (Line Drive, 15)
Bottom of the 4th over - 0 runs, 0 hits, 0 errors, 0 left on base; Bethesda 4 - Lancaster 0
TOP OF THE 5TH
Bethesda Atoms batting - Pitching for Lancaster Farmers : RHP Daron Muldoon
Batting: RHB José Leyva 0-0: Called Strike
0-1: Ball
1-1: Called Strike
1-2: Strikes out swinging
Batting: LHB Jorge Ortíz 0-0: Ball
1-0: Foul Ball, location: 2F
1-1: Called Strike
1-2: Foul Ball, location: 2F
1-2: Foul Ball, location: 2F
1-2: Ground out 4-3 (Groundball, 34)
Batting: RHB Raúl Francisco 0-0: Ball
1-0: Foul Ball, location: 2F
1-1: Swinging Strike
1-2: Strikes out swinging
Top of the 5th over - 0 runs, 0 hits, 0 errors, 0 left on base; Bethesda 4 - Lancaster 0
BOTTOM OF THE 5TH
Lancaster Farmers batting - Pitching for Bethesda Atoms : RHP Vincent O'Higgin
Batting: RHB Cisco Gómez 0-0: Called Strike
0-1: Ball
1-1: Foul Ball, location: 2F
1-2: Ball
2-2: Ball
3-2: Fly out, F8 (Flyball, 8LD)
Batting: LHB Alfonso Pacheco 0-0: Ground out 5-3 (Groundball, 56)
Batting: LHB Francisco Barranco 0-0: Ball
1-0: Called Strike
1-1: Ground out 4-3 (Groundball, 4)
Bottom of the 5th over - 0 runs, 0 hits, 0 errors, 0 left on base; Bethesda 4 - Lancaster 0
TOP OF THE 6TH
Bethesda Atoms batting - Pitching for Lancaster Farmers : RHP Daron Muldoon
Batting: SHB Pedro Ortega 0-0: Called Strike
0-1: Swinging Strike
0-2: Ball
1-2: Ball
2-2: Foul Ball, location: 2F
2-2: Ground out 5-3 (Groundball, 56)
Batting: RHB Diego Romero 0-0: Called Strike
0-1: Foul Ball, location: 2F
0-2: Strikes out swinging
Batting: RHB Enrique Ibarra 0-0: Ball
1-0: Called Strike
1-1: Ball
2-1: Ball
3-1: Ground out 6-3 (Groundball, 6)
Top of the 6th over - 0 runs, 0 hits, 0 errors, 0 left on base; Bethesda 4 - Lancaster 0
BOTTOM OF THE 6TH
Lancaster Farmers batting - Pitching for Bethesda Atoms : RHP Vincent O'Higgin
Batting: RHB José Xirau 0-0: DOUBLE (Flyball, 8RD)
Batting: RHB Jesús Herrera 0-0: Ball
1-0: SINGLE (Groundball, 56D)
José Xirau to third
Batting: RHB Domingo Altamirańo 0-0: Swinging Strike
0-1: Fly out, F8 (Flyball, 8RS)
Runner from 3rd tags up, SCORES, no throw
Batting: LHB Sébastien Cornu 0-0: Ball
1-0: Ball
2-0: Called Strike
2-1: Grounds into double play, 1-6-3 (Groundball, 13S)
Bottom of the 6th over - 1 run, 2 hits, 0 errors, 0 left on base; Bethesda 4 - Lancaster 1
TOP OF THE 7TH
Bethesda Atoms batting - Pitching for Lancaster Farmers : RHP Daron Muldoon
Batting: RHB Renato Zuvic 0-0: Called Strike
0-1: Ball
1-1: Ball
2-1: Ball
3-1: Fly out, F6 (Line Drive, 6)
Batting: LHB Thierry Honoré 0-0: Called Strike
0-1: Called Strike
0-2: Ball
1-2: Strikes out swinging
Batting: LHB Gong Mao 0-0: Ball
1-0: Ball
2-0: Ball
3-0: Called Strike
3-1: Called Strike
3-2: Foul Ball, location: 2F
3-2: Base on Balls
Pitching: LHP Ricardo Ramírez
Batting: RHB José Leyva 0-0: Swinging Strike
0-1: Fielders Choice at 2nd, 5-4 (Groundball, 5L)
Top of the 7th over - 0 runs, 0 hits, 0 errors, 1 left on base; Bethesda 4 - Lancaster 1
BOTTOM OF THE 7TH
Lancaster Farmers batting - Pitching for Bethesda Atoms : RHP Vincent O'Higgin
Batting: RHB Min-tae Yi 0-0: Called Strike
0-1: Ground out 5-3 (Groundball, 56)
Batting: RHB Jason Slaybaugh 0-0: Ball
1-0: Swinging Strike
1-1: Ball
2-1: Fly out, F6 (Flyball, 56D)
Batting: RHB Cisco Gómez 0-0: Called Strike
0-1: Ball
1-1: Ball
2-1: Ground out 5-3 (Groundball, 5S)
Bottom of the 7th over - 0 runs, 0 hits, 0 errors, 0 left on base; Bethesda 4 - Lancaster 1
TOP OF THE 8TH
Bethesda Atoms batting - Pitching for Lancaster Farmers : LHP Ricardo Ramírez
Batting: LHB Jorge Ortíz 0-0: Swinging Strike
0-1: Ball
1-1: Ball
2-1: Foul Ball, location: 2F
2-2: Fly out, F8 (Flyball, 78M)
Batting: RHB Raúl Francisco 0-0: Ball
1-0: Foul Ball, location: 2F
1-1: SINGLE (Line Drive, 8LS)
Batting: SHB Pedro Ortega 0-0: Ball
1-0: Called Strike
1-1: Ball
Raúl Francisco steals 2nd base
2-1: Swinging Strike
2-2: Foul Ball, location: 2F
2-2: Foul Ball, location: 2F
2-2: Ground out 6-3 (Groundball, 6)
Raúl Francisco to third
Batting: RHB Diego Romero 0-0: Foul Ball, location: 2F
0-1: Called Strike
0-2: Foul Ball, location: 2F
0-2: Strikes out swinging
Top of the 8th over - 0 runs, 1 hit, 0 errors, 1 left on base; Bethesda 4 - Lancaster 1
BOTTOM OF THE 8TH
Lancaster Farmers batting - Pitching for Bethesda Atoms : RHP Vincent O'Higgin
Batting: LHB Alfonso Pacheco 0-0: Fly out, F4 (Line Drive, 4M)
Batting: LHB Francisco Barranco 0-0: Called Strike
0-1: Ball
1-1: Swinging Strike
1-2: Strikes out looking
Batting: RHB José Xirau 0-0: Called Strike
0-1: Ball
1-1: Ground out 5-3 (Groundball, 56)
Bottom of the 8th over - 0 runs, 0 hits, 0 errors, 0 left on base; Bethesda 4 - Lancaster 1
TOP OF THE 9TH
Bethesda Atoms batting - Pitching for Lancaster Farmers : LHP Ricardo Ramírez
Batting: RHB Enrique Ibarra 0-0: Called Strike
0-1: Ball
1-1: Ball
2-1: Ball
3-1: Base on Balls
Batting: RHB Renato Zuvic 0-0: SINGLE (Groundball, 6MD)
Enrique Ibarra to second
Runner from 2nd tries for 3rd, SAFE, no throw
Batting: LHB Thierry Honoré 0-0: Ball
1-0: Ball
2-0: Foul Ball, location: 2F
2-1: Foul Ball, location: 2F
2-2: Ball
3-2: Foul Ball, location: 2F
3-2: Foul Ball, location: 2F
3-2: Fly out, F9 (Flyball, 9LSF)
Batting: LHB Gong Mao 0-0: Ball
1-0: Called Strike
1-1: Ball
2-1: Ball
3-1: Swinging Strike
3-2: Foul Ball, location: 2F
3-2: Base on Balls
Renato Zuvic to second
Batting: RHB José Leyva 0-0: Foul Ball, location: 2F
0-1: Swinging Strike
0-2: Strikes out looking
Pitching: RHP Jorge Morales
Batting: LHB Jorge Ortíz 0-0: Ball
1-0: Ball
2-0: Ball
3-0: Base on Balls
Enrique Ibarra scores
Renato Zuvic to third
Gong Mao to second
Batting: RHB Raúl Francisco 0-0: Ball
1-0: Called Strike
1-1: Called Strike
1-2: Foul Ball, location: 2F
1-2: Foul Ball, location: 2F
1-2: Fly out, F9 (Flyball, 9LM)
Top of the 9th over - 1 run, 1 hit, 0 errors, 3 left on base; Bethesda 5 - Lancaster 1
BOTTOM OF THE 9TH
Lancaster Farmers batting - Pitching for Bethesda Atoms : RHP Vincent O'Higgin
Pitching: RHP Elias Ijzendoorn
Batting: RHB Jesús Herrera 0-0: Swinging Strike
0-1: Fly out, F8 (Flyball, 8LD)
Batting: RHB Domingo Altamirańo 0-0: Called Strike
0-1: Ball
1-1: Foul Ball, location: 2F
1-2: Fly out, F7 (Flyball, 7)
Batting: LHB Sébastien Cornu 0-0: Called Strike
0-1: Ball
1-1: Foul Ball, location: 2F
1-2: Ball
2-2: Foul Ball, location: 2F
2-2: Ball
3-2: Foul Ball, location: 2F
3-2: Foul Ball, location: 2F
3-2: Foul Ball, location: 2F
3-2: Strikes out swinging
Bottom of the 9th over - 0 runs, 0 hits, 0 errors, 0 left on base; Bethesda 5 - Lancaster 1
Saturday, December 22nd, 2018 - OOTP Baseball 18.8 Build 76